 Dungeon Crawl Stone Soup version 0.29-a0-483-g69413ace17 (webtiles) character file.

Game seed: 10417036281052511871

108 oldark the Skirmisher (level 4, -5/50 HPs)
             Began as an Ogre Monk on May 26, 2022.
             Killed by nerve-wracking pain
             ... invoked by Grinder
              (7 damage)
             ... on level 3 of the Dungeon.
             The game lasted 00:06:39 (2035 turns).

oldark the Skirmisher (Ogre Monk)                   Turns: 2035, Time: 00:06:39

Health: -5/50      AC:  5    Str: 17    XL:     4   Next: 87%
Magic:  4/4        EV: 10    Int: 11    God:
Gold:   79         SH:  0    Dex: 13    Spells: 3/3 levels left

rFire   + . .      SeeInvis .   c - +2 club (spect)
rCold   + . .      Faith    .   (no shield)
rNeg    . . .      Spirit   .   e - +2 robe {rC+ rF+}
rPois   .          Reflect  .   (helmet restricted)
rElec   .          Harm     .   (no cloak)
rCorr   .          Rampage  .   (gloves unavailable)
Will    .....                   (boots unavailable)
Stlth   ++........              (no amulet)
HPRegen 0.16/turn               (no ring)
MPRegen 0.09/turn               (no ring)

@: no status effects
A: large, unfitting armour, tough skin 1, antennae 1, agile 1
a: no special abilities


You were on level 3 of the Dungeon.
You visited 1 branch of the dungeon, and saw 3 of its levels.

You collected 79 gold pieces.

Inventory:

Hand Weapons
 c - a +2 spectral club (weapon)
Armour
 e - a +2 robe of resistance (worn)
Scrolls
 a - a scroll of fog {unknown}
 f - a scroll of identify {unknown}
 h - a scroll of amnesia {unknown}
 i - 3 scrolls of teleportation {unknown}
 k - a scroll of enchant armour {unknown}
Potions
 b - a potion of magic


   Skills:
 + Level 5.2 Fighting
 * Level 4.3 Maces & Flails
 - Level 2.6 Dodging
 - Level 1.4 Stealth


You had 3 spell levels left.
You didn't know any spells.
Your spell library contained the following spells:

 Spells                   Type           Power      Damage    Failure   Level
 Inner Flame              Hex/Fire       0%         N/A       71%         3
 Ozocubu's Armour         Ice            0%         N/A       71%         3
 Cause Fear               Hex            0%         N/A       98%         4
 Metabolic Englaciation   Hex/Ice        0%         N/A       100%        5
 Simulacrum               Ice/Necr       0%         N/A       100%        6
 Discord                  Hex            0%         N/A       100%        8


Dungeon Overview and Level Annotations

Branches:
Dungeon (3/15)

Altars:

Shops:
D:1 *

Annotations:
D:3 Grinder


Innate Abilities, Weirdness & Mutations

You are too large for most types of armour.
You have tough skin. (AC +1)
You have a pair of small antennae on your head.
You are agile. (Dex +2)


Message History

A bat comes into view.
You closely miss the bat.
Your +2 spectral club hits the bat!
You kill the bat!
No target in view!
Grinder comes into view.
Grinder shouts!
Grinder hits you.
You writhe in agony.
You completely miss Grinder.
Your +2 spectral club completely misses Grinder.
Grinder hits you.
You writhe in agony.
You completely miss Grinder.
Your +2 spectral club barely misses Grinder.
Grinder hits you!
You hit Grinder.
Grinder is lightly wounded.
Your +2 spectral club hits Grinder.
Grinder closely misses you.
You hit Grinder.
Grinder is lightly wounded.
Your +2 spectral club closely misses Grinder.
Grinder hits you.
You writhe in agony.
Grinder hits you.
You writhe in agony.
You hit Grinder.
Grinder is moderately wounded.
Your +2 spectral club hits Grinder.
Grinder hits you but does no damage.
You barely miss Grinder.
Grinder is moderately wounded.
Your +2 spectral club hits Grinder.
Grinder hits you!
* * * LOW HITPOINT WARNING * * *
You hit Grinder but do no damage.
Grinder is heavily wounded.
Your +2 spectral club closely misses Grinder.
Grinder hits you!
* * * LOW HITPOINT WARNING * * *
You writhe in agony.
* * * LOW HITPOINT WARNING * * *
Okay, then.
Grinder blinks!
Grinder barely misses you. Grinder gestures at you.
Pain shoots through your body!
You die...

#.#.....†........#.#
.....#...#########.######
........................#
................##.####.#
.................#.#
.................#.#
.................#.#
#.#..............#.#
........#####+##@#.#
#.#..#.# ##.##5# #.....#
#..#..# #.....# #.....#
#...### #....


You could see Grinder.

Vanquished Creatures
  Jessica (D:2)
  3 adders (D:2)
  A worm (D:2)
  4 endoplasms
  2 giant cockroaches (D:1)
  A goblin (D:1)
  4 hobgoblins (D:1)
  A jackal (D:1)
  6 kobolds
  3 quokkas (D:1)
  10 ball pythons
  7 bats
  5 frilled lizards
  4 rats (D:1)
52 creatures vanquished.

Notes
Turn   | Place    | Note
-------+----------+-------------------------------------------
     0 | D:1      | oldark the Ogre Monk began the quest for the Orb.
     0 | D:1      | Reached XP level 1. HP: 24/24 MP: 1/1
   149 | D:1      | Found a faded altar of an unknown god.
   354 | D:1      | Reached XP level 2. HP: 30/32 MP: 2/2
   447 | D:1      | Found Toasue Wiho's General Store.
   700 | D:1      | Reached XP level 3. HP: 40/40 MP: 3/3
  1368 | D:2      | Reached XP level 4. HP: 44/49 MP: 4/4
  1674 | D:2      | Reached skill level 5 in Fighting
  1674 | D:2      | Noticed Jessica
  1809 | D:2      | Gained mutation: You have a pair of small antennae on your
                  | head. [potion of mutation]
  1820 | D:2      | Killed Jessica
  1958 | D:3      | Lost mutation: You have a pair of small antennae on your
                  | head. [potion of mutation]
  1958 | D:3      | Gained mutation: You have a pair of small antennae on your
                  | head. [potion of mutation]
  1958 | D:3      | Gained mutation: You are agile. (Dex +2) [potion of
                  | mutation]
  2018 | D:3      | Noticed Grinder
  2028 | D:3      | HP: 1/50 [Grinder (4)]
  2035 | D:3      | Killed from afar by Grinder

Illustrated notes

Levels and vault maps discovered:
D:1:      lightli_iron_boxes, layout_rooms,
          hellmonk_ecumenical_altar_pennies_from_heaven, serial_shops,
          nicolae_shop_crystal, minmay_vboxes
D:2:      layout_rooms, uniq_jessica
D:3:      layout_basic, grunt_temple_overflow_growth_and_decay, uniq_grinder,
          uniq_ijyb

Skill      XL: |  1  2  3  4 |
---------------+-------------+-----
Maces & Flails | 3 4 |  4.3
Fighting       | 5 |  5.2
Dodging        | |  2.6
Stealth        | |  1.4

Action                   |  1- 3 |  4- 6 || total
-------------------------+-------+-------++-------
Melee: Mace              |   122 |    50 ||   172
       Club              |       |    15 ||    15
  Use: Potion            |       |     8 ||     8
 Stab: Sleeping          |     3 |       ||     3
       Invisible         |       |     1 ||     1
Armor: Robe              |    61 |    35 ||    96
Dodge: Dodged            |    84 |    33 ||   117

Table legend: (Time is in decaauts)
 A = Elapsed time spent in this place.
 B = Non-inter-level travel time spent in this place.
 C = Inter-level travel time spent in this place.
 D = Time resting spent in this place.
 E = Time spent auto-exploring this place.
 F = Levels seen in this place.
 G = Mean time per level.
                   A        B        C        D        E       F      G
               +--------+--------+--------+--------+--------+-----+--------+
         Total |   2081 |   2039 |     42 |    579 |    932 |   3 |  693.7 |
       Dungeon |   2081 |   2039 |     42 |    579 |    932 |   3 |  693.7 |
               +--------+--------+--------+--------+--------+-----+--------+

Top non-repeatable levels by time:
     D:1: 1000 daAuts
     D:2: 939 daAuts
     D:3: 142 daAuts
